 Dungeon Crawl Stone Soup version 0.31-a0-430-gf8416d752b (webtiles) character file.

Game seed: 15453004454458865290

11878 MacCMillion the Grappler (level 11, -16/115 HPs)
             Began as a Troll Shapeshifter on July 31, 2023.
             Was a High Priest of Okawaru.
             Demolished by a large slime creature (32 damage)
             ... on level 12 of the Dungeon.
             The game lasted 00:18:54 (12233 turns).

MacCMillion the Grappler (Troll Shapeshifter)      Turns: 12233, Time: 00:18:55

Health: -16/115    AC:  8    Str: 29    XL:     11   Next: 55%
Magic:  12/12      EV:  9    Int:  4    God:    Okawaru [*****.]
Gold:   761        SH:  0    Dex: 10    Spells: 10/10 levels left

rFire   . .          .
                       - Unarmed
rCold   . . .        (no shield)
rNeg    . . .        P - +0 acid dragon scales
rPois   .            (helmet currently unavailable)
rElec   .            (cloak currently unavailable)
rCorr   +            (gloves unavailable)
SInv    .            (boots unavailable)
Will    +....        (no amulet)
Stlth   +            m - ring of willpower
HPRegen 1.19/turn    (no ring)
MPRegen 0.13/turn

%: no passive effects
@: beast-form
A: beast (slay +4), large, unfitting armour, claws 3, regeneration 1, shaggy fur
1, tough skin 1
a: Begin Untransformation, Renounce Religion, Heroism, Finesse, Duel


You were on level 12 of the Dungeon.
You worshipped Okawaru.
Okawaru was extremely pleased with you.
You were a hulking beast.
You visited 2 branches of the dungeon, and saw 13 of its levels.
You also visited: Sewer.

You collected 761 gold pieces.

Inventory:

Missiles
 a - 9 large rocks
 h - 6 javelins
 n - 49 poisoned darts (quivered)
 s - a throwing net
 E - 6 curare-tipped darts
 H - 12 darts of dispersal
 M - 3 boomerangs
Armour
 G - a scarf of harm
 P - +0 acid dragon scales (worn)
Jewellery
 m - a ring of willpower (left claw)
 N - an amulet of reflection
 Q - a ring of positive energy
 R - a +5 ring of evasion
 T - a ring of protection from fire
Talismans
 c - a beast talisman (active)
Wands
 o - a wand of acid (8)
 F - a wand of paralysis (15)
 K - a wand of roots (3)
 S - a wand of polymorph (6)
Scrolls
 f - 2 scrolls of revelation {unknown}
 g - a scroll of brand weapon {unknown}
 i - 2 scrolls of fear {unknown}
 j - a scroll of fog {unknown}
 p - a scroll of blinking {unknown}
 t - 3 scrolls of teleportation
 u - 4 scrolls of immolation {unknown}
 v - 3 scrolls of enchant weapon {unknown}
 y - 2 scrolls of vulnerability {unknown}
 B - 2 scrolls of amnesia {unknown}
 C - a scroll of poison {unknown}
 I - 3 scrolls of identify
 L - a scroll of enchant armour {unknown}
Potions
 b - 2 potions of lignification
 d - a potion of berserk rage {unknown}
 e - 6 potions of curing
 k - a potion of resistance {unknown}
 l - 3 potions of cancellation {unknown}
 q - 2 potions of brilliance
 r - 4 potions of invisibility
 w - 2 potions of heal wounds
 x - 3 potions of ambrosia {unknown}
 z - 2 potions of mutation {unknown}
 A - a potion of magic {unknown}
 D - a potion of attraction {unknown}
 J - a potion of enlightenment {unknown}
 O - a potion of might {unknown}


   Skills:
 + Level 9.5 Fighting
 - Level 4.0 Throwing
 + Level 2.6 Dodging
 - Level 12.0 Unarmed Combat
 - Level 3.0 Invocations
 + Level 6.3 Shapeshifting


You had 10 spell levels left.
You didn't know any spells.
Your spell library contained the following spells:

 Spells                   Type           Power      Damage    Failure   Level
 Magic Dart               Conj           0%         1d3       56%         1
 Ensorcelled Hibernation  Hex/Ice        0%         N/A       71%         2
 Passwall                 Tmut/Erth      0%         N/A       71%         2
 Searing Ray              Conj           0%         2d4       71%         2
 Wereblood                Tmut           0%         N/A       71%         2
 Swiftness                Air            0%         N/A       90%         3
 Fulminant Prism          Conj/Hex       0%         3d5       100%        4
 Irradiate                Conj/Tmut      0%         3d11      100%        5


Dungeon Overview and Level Annotations

Branches:
Dungeon (12/15)            Temple (1/1) D:5            Lair (0/5) D:8
    Orc (0/2) D:12          Sewer (visited)

Altars:
Ashenzari
Cheibriados
Dithmenos
Elyvilon
Fedhas
Gozag
Hepliaklqana
Kikubaaqudgha
Makhleb
Nemelex Xobeh
Okawaru
Qazlal
Ru
Sif Muna
Trog
Uskayaw
Vehumet
Wu Jian
Xom
Yredelemnul
Zin
The Shining One

Shops:
D:3 [   D:10 *

Portals:
Trove: D:10 (show slimy rune of Zot)

Annotations:
D:3 2 transporters, 1 runed translucent door, Crazy Yiuf
D:9 exclusion: ice statue


Innate Abilities, Weirdness & Mutations

You are a hulking beast.
Your limbs bulge with bestial killing power. (Slay +4)
You are too large for most types of armour.
You have claws for hands.
Your natural rate of healing is unusually fast.
You are covered in fur. (AC +1)
You have tough skin. (AC +1)


Message History

You now have 761 gold pieces (gained 17).
You open the door.
There is an open door here.
There is an open door here.
You open the door.
There is an open door here.
You open the door.
Found a pair of gloves.
There is an open door here.
You open the door. 2 slime creatures come into view.
The slime creature quivers. x2
Two slime creatures merge to form a large slime creature.
A large slime creature is nearby!
A large slime creature is nearby!
A large slime creature is nearby!
There is an open door here.
You scratch the large slime creature.
The large slime creature is lightly wounded.
The large slime creature hits you!!
You mangle the large slime creature!! You claw the large slime creature!
The large slime creature is moderately wounded.
You barely miss the large slime creature.
You claw the large slime creature!
The large slime creature is moderately wounded.
The large slime creature hits you!!!
You are too injured to fight recklessly!
You mangle the large slime creature!!
The large slime creature is heavily wounded.
The large slime creature hits you!
A slime creature comes into view.
You mangle the large slime creature!!
The large slime creature is severely wounded.
The large slime creature hits you!!
* * * LOW HITPOINT WARNING * * *
A slime creature comes into view.
There is an open door, spattered with blood here.
The large slime creature attacks as you move away!
The large slime creature hits you!!
You die...

#.#....)......#.........#
#...........#.'.........#
###.........###.........#
# ##.######## #######+###
# #..## #.J ##..### #.#
##...# #J# #######'####
#J# #..........#
##h#######
##....<.....###.........
##..........'.#.........
.'..........#.#.........
##..........#.'.........
#..........###.........
############ #.[.......
##########


You could see a large slime creature and 2 slime creatures.

Vanquished Creatures
  A centaur warrior (D:9)
  2 boulder beetles
  A two-headed ogre (D:9)
  Pikel (D:7)
  A deep elf pyromancer (D:9)
  An unseen horror (D:11)
  A komodo dragon (D:12)
  2 trolls (D:12)
  A hornet (D:9)
  Sigmund (D:3)
  3 shadows
  8 yaks
  2 wyverns
  A steam dragon (D:9)
  A basilisk (D:10)
  2 vampire mosquitoes (D:12)
  Menkaure (D:7)
  2 two-headed ogre zombies (D:12)
  An acid dragon (D:10)
  An orc warrior (D:9)
  2 ice beasts
  2 ogres
  2 black bears (D:5)
  3 centaurs
  A lemure (D:7)
  2 phantoms
  5 kobold brigands
  3 bullfrogs (D:9)
  Blork the orc (D:6)
  3 scorpions
  9 wights
  A troll zombie (D:12)
  21 killer bees
  5 howler monkeys
  2 lava snakes (D:7)
  A gnoll bouda (D:9)
  3 hounds
  A jelly (D:7)
  4 orc priests
  3 iguanas
  A sleepcap (D:6)
  7 orc wizards
  5 ogre zombies (D:12)
  3 gnolls (D:3)
  6 river rats
  12 adders
  2 ufetubi (D:5)
  A worm (D:5)
  2 dart slugs
  27 orcs
  13 ball pythons
  5 endoplasms
  9 goblins
  8 hobgoblins
  4 quokkas
  7 bats
  4 frilled lizards
  4 goblin skeletons (D:12)
  2 goblin zombies (D:12)
  3 hobgoblin zombies (D:12)
  38 kobolds
  4 orc skeletons (D:12)
  12 orc zombies (D:12)
  32 rats
319 creatures vanquished.

Notes
Turn   | Place    | Note
-------+----------+-------------------------------------------
     0 | D:1      | MacCMillion the Troll Shapeshifter began the quest for the
                  | Orb.
     0 | D:1      | Reached XP level 1. HP: 18/18 MP: 0/0
   263 | D:1      | Reached XP level 2. HP: 26/26 MP: 1/1
   478 | D:1      | Found a faded altar of an unknown god.
   490 | D:1      | Reached skill level 4 in Unarmed Combat
   740 | D:2      | Reached XP level 3. HP: 32/32 MP: 2/2
  1494 | D:3      | Reached skill level 5 in Unarmed Combat
  1494 | D:3      | Reached XP level 4. HP: 36/40 MP: 3/3
  1633 | D:3      | Found a transporter.
  1633 | D:3      | Found a transporter.
  1758 | D:3      | Found Goupt's Antique Armour Emporium.
  1776 | D:3      | Found a runed translucent door.
  1777 | D:3      | Noticed Crazy Yiuf
  1839 | D:3      | Noticed Sigmund
  1845 | D:3      | Killed Sigmund
  1846 | D:3      | Reached skill level 6 in Unarmed Combat
  1846 | D:3      | Reached XP level 5. HP: 43/46 MP: 4/4
  1872 | D:3      | Reached XP level 6. HP: 47/54 MP: 5/5
  2027 | D:3      | Reached skill level 7 in Unarmed Combat
  2612 | D:4      | Reached skill level 8 in Unarmed Combat
  2612 | D:4      | Reached XP level 7. HP: 61/61 MP: 6/6
  2840 | D:4      | Reached skill level 1 in Fighting
  2920 | D:5      | Entered Level 5 of the Dungeon
  2995 | D:5      | Found a staircase to the Ecumenical Temple.
  3018 | Temple   | Entered the Ecumenical Temple
  3025 | Temple   | Became a worshipper of Warmaster Okawaru
  3114 | D:5      | Found a glowing drain.
  3122 | Sewer    | Entered a sewer
  3332 | Sewer    | Reached skill level 1 in Invocations
  3541 | Sewer    | Reached XP level 8. HP: 62/74 MP: 7/7
  4095 | D:5      | Reached * piety under Okawaru
  4984 | D:6      | Reached skill level 9 in Unarmed Combat
  4991 | D:6      | Reached ** piety under Okawaru
  5008 | D:6      | Reached skill level 5 in Shapeshifting
  5008 | D:6      | Reached XP level 9. HP: 72/84 MP: 10/10
  5495 | D:6      | Noticed Blork the orc
  5498 | D:6      | Killed Blork the orc
  5575 | D:6      | Found a snail-covered altar of Cheibriados.
  5576 | D:6      | Found a bloodstained altar of Trog.
  5577 | D:6      | Found an ancient bone altar of Kikubaaqudgha.
  5577 | D:6      | Found a sparkling altar of Nemelex Xobeh.
  5875 | D:7      | Reached *** piety under Okawaru
  6250 | D:7      | Noticed Pikel
  6272 | D:7      | Killed Pikel
  6273 | D:7      | Reached skill level 5 in Fighting
  6273 | D:7      | Reached skill level 1 in Throwing
  6273 | D:7      | Reached skill level 10 in Unarmed Combat
  6661 | D:7      | Noticed Menkaure
  6669 | D:7      | Killed Menkaure
  6744 | D:8      | Found a staircase to the Lair.
  7300 | D:8      | Reached XP level 10. HP: 90/97 MP: 8/11
  7545 | D:8      | Found a blossoming altar of Fedhas.
  8267 | D:8      | Found a hazy altar of Hepliaklqana.
  8486 | D:9      | Received a gift from Okawaru
  8505 | D:9      | Reached skill level 11 in Unarmed Combat
  8864 | D:9      | Reached **** piety under Okawaru
  8940 | D:9      | Noticed a two-headed ogre
  8943 | D:9      | Killed a two-headed ogre
  9261 | D:9      | Noticed a centaur warrior
  9269 | D:9      | Killed a centaur warrior
  9270 | D:9      | Reached skill level 12 in Unarmed Combat
  9830 | D:9      | Noticed an ice statue
 10109 | D:9      | Noticed a deep elf pyromancer
 10117 | D:9      | Killed a deep elf pyromancer
 10228 | D:10     | Entered Level 10 of the Dungeon
 10239 | D:10     | Reached XP level 11. HP: 96/110 MP: 12/12
 10302 | D:10     | Found a portal to a secret trove of treasure.
 10406 | D:10     | Found Zin's Purification Station.
 10406 | D:10     | Found a glowing silver altar of Zin.
 10469 | D:10     | Noticed a boulder beetle
 10482 | D:10     | Killed a boulder beetle
 10482 | D:10     | Reached ***** piety under Okawaru
 11312 | D:11     | Noticed a boulder beetle
 11325 | D:11     | Killed a boulder beetle
 11503 | D:12     | Identified the +1 hand axe of MacCMillion's Purpose
                  | {freeze, Int+3} (Okawaru gifted it to you on level 12 of
                  | the Dungeon)
 11503 | D:12     | Received a gift from Okawaru
 11743 | D:12     | Found a staircase to the Orcish Mines.
 12233 | D:12     | Demolished by a large slime creature

Illustrated notes

Levels and vault maps discovered:
D:1:      dpeg_arrival_ratfight, layout_basic,
          dreamdust_ecumenical_altar_statues
D:2:      layout_loops_ring, minmay_tetromino_s2
D:3:      minmay_chambers_of_threes, layout_rooms,
          gammafunk_ghost_gnarly_gnolls, serial_shops, shop,
          uniq_crazy_yiuf_cottage, uniq_sigmund
D:4:      layout_rooms, saegor_snake_ambush
D:5:      layout_basic, minmay_temple_entry_glass, lightli_sewer_entry_pipes
D:6:      layout_loops_corners, mainiacjoe_overflow_alcove_3, uniq_blork_the_orc
D:7:      layout_gridville, amcnicky_mini_corridor_feature,
          kennysheep_minor_cross, uniq_pikel, uniq_menkaure
D:8:      layout_basic, mainiacjoe_overflow_concentric_impassable,
          amcnicky_altar_gilded, lair_entry_dummy, minmay_unpleasant_kobolds
D:9:      layout_roguey, hangedman_decor_lopped, nzn_random_ring
D:10:     layout_stronghold, zin_purify, nicolae_trove_entry_free_sample,
          small_chamber_with_monster
D:11:     layout_roguey, serial_corexii_hall, corexii_hall_statues_s,
          corexii_hall_statues_i, corexii_hall_statues_i,
          chequers_hall_statues_y, nicolae_sif_muna_little_library, uniq_lodul,
          uniq_nergalle
D:12:     layout_roguey, zombieorc2_lemuel
Temple:   eino_wide_crystal_templ

Skill      XL: |  1  2  3  4  5  6  7  8  9 10 11 |
---------------+----------------------------------+-----
Unarmed Combat | 4 5 6 8 9 10 12 | 12.0
Fighting       | 2 4 5 7 9 |  9.5
Invocations    | 1 3 |  3.0
Shapeshifting  | 5 6 |  6.3
Throwing       | 2 4 |  4.0
Dodging        | 2 |  2.6

Action                     |  1- 3 |  4- 6 |  7- 9 | 10-12 || total
---------------------------+-------+-------+-------+-------++-------
  Melee: Unarmed           |   108 |    89 |   269 |   266 ||   732
         Punch             |     1 |     1 |     7 |    18 ||    27
  Throw: Dart              |       |     4 |       |    13 ||    17
 Invoke: Heroism           |       |       |     3 |     3 ||     6
    Use: Scroll            |       |       |     5 |     1 ||     6
         Potion            |       |       |     1 |       ||     1
   Stab: Sleeping          |     3 |       |     3 |     1 ||     7
 Armour: Animal skin       |    54 |    21 |    54 |    12 ||   141
         Skin              |       |       |    27 |       ||    27
         Steam dragon scal |       |       |       |    17 ||    17
         Acid dragon scale |       |       |       |    54 ||    54
  Dodge: Dodged            |    57 |    33 |    99 |    93 ||   282

Table legend: (Time is in decaauts)
 A = Elapsed time spent in this place.
 B = Non-inter-level travel time spent in this place.
 C = Inter-level travel time spent in this place.
 D = Time resting spent in this place.
 E = Time spent auto-exploring this place.
 F = Levels seen in this place.
 G = Mean time per level.
                   A        B        C        D        E       F      G
               +--------+--------+--------+--------+--------+-----+--------+
         Total |  12110 |  11661 |    449 |   2865 |   6765 |  14 |  865.0 |
       Dungeon |  11426 |  10977 |    449 |   2645 |   6479 |  12 |  952.2 |
        Temple |     14 |     14 |      0 |      0 |      0 |   1 |   14.0 |
         Sewer |    669 |    669 |      0 |    220 |    286 |   1 |  669.0 |
               +--------+--------+--------+--------+--------+-----+--------+

Top non-repeatable levels by time:
     D:9: 1668 daAuts
     D:8: 1503 daAuts
     D:7: 1307 daAuts
     D:5: 1201 daAuts
     D:3: 934 daAuts
     D:6: 876 daAuts
    D:10: 854 daAuts
    D:12: 781 daAuts
     D:1: 723 daAuts
   Sewer: 669 daAuts
     D:4: 664 daAuts
     D:2: 574 daAuts
    D:11: 336 daAuts
  Temple: 14 daAuts
